 Dungeon Crawl Stone Soup version 0.24.0-123-gd5b16e6ec5 (webtiles) character file.

Game seed: 9239324287582009640, levelgen mode: deterministic

174 FishyPogo the Chucker (level 5, 0/53 HPs)
             Began as a Troll Hunter on Jan 28, 2020.
             Slain by an orc (5 damage)
             ... on level 2 of the Dungeon.
             The game lasted 00:05:24 (1394 turns).

FishyPogo the Chucker (Troll Hunter)                Turns: 1394, Time: 00:05:25

Health: 0/53       AC:  6    Str: 21    XL:     5   Next: 28%
Magic:  4/4        EV: 10    Int:  7    God:
Gold:   113        SH:  0    Dex: 10    Spells: 4/4 levels left

rFire    . . .     SeeInvis .   i - +0 giant spiked club
rCold    . . .     Gourm    +   (shield currently unavailable)
rNeg     . . .     Faith    .   b - +0 robe
rPois    .         Spirit   .   (helmet restricted)
rElec    .         Reflect  .   (no cloak)
rCorr    .         Harm     .   (gloves unavailable)
MR       .....                  (boots unavailable)
Stlth    +.........             (no amulet)
HPRegen  0.57/turn              (no ring)
MPRegen  0.09/turn              (no ring)

@: very slightly contaminated, invisible
A: large, unfitting armour, claws 3, fast metabolism 3, gourmand, regeneration
1, shaggy fur 1, tough skin 3
a: no special abilities


You were on level 2 of the Dungeon.
You were very full.

You visited 1 branch of the dungeon, and saw 3 of its levels.

You collected 113 gold pieces.

Inventory:

Hand Weapons
 i - a +0 giant spiked club (weapon)
Missiles
 a - 61 stones
 c - 4 large rocks (quivered)
 d - 3 throwing nets
Armour
 b - a +0 robe (worn)
Scrolls
 e - a scroll of magic mapping {unknown}
 g - 5 scrolls of remove curse {unknown}
 k - a scroll of teleportation {unknown}
 l - 2 scrolls of enchant armour {unknown}
 m - a scroll of immolation {unknown}
Comestibles
 f - 6 rations
 h - 15 chunks of flesh


   Skills:
 * Level 3.5 Fighting
 + Level 4.3 Throwing
 + Level 1.1 Armour
 - Level 2.0 Dodging
 - Level 0.3 Stealth


You had 4 spell levels left.
You didn't know any spells.
Your spell library was empty.

Dungeon Overview and Level Annotations

Branches:
Dungeon (3/15)

Altars:


Innate Abilities, Weirdness & Mutations

You are too large for most types of armour.
You have claws for hands.
Your metabolism is lightning-fast.
You like to eat raw meat.
Your natural rate of healing is unusually fast.
You are covered in fur. (AC +1)
You have extremely tough skin. (AC +3)


Message History

You kill the orc!
You hit the orc.
The orc is lightly wounded.
The orc closely misses you. The orc misses you.
You barely miss the orc.
The orc is lightly wounded.
The orc hits you.
* * * LOW HITPOINT WARNING * * *
The orc hits you.
* * * LOW HITPOINT WARNING * * *
You barely miss the orc.
The orc is lightly wounded.
The orc barely misses you. x2
You barely miss the orc.
The orc is lightly wounded.
The orc closely misses you.
You barely miss the orc.
The orc is lightly wounded.
The orc hits you but does no damage. The orc hits you.
You die...

.......####.####........####.###.
......## #.# #....)......#...#.
#####.# #.## #........##.###.#.
#<#.# #..# #........##...#.#.
###.#.## ##.###........####[#.#.
.......# #..##........# #.#.#.
#...#..# ##.##........# #.#.#.
#.#....# #.##.####.### #.#.#.
..#....# #..#@# #.# #.#.#.
..#)...# ##.#o# #.# #.#.#.
..#....# #.#(# #.# #.#.#.
#.#....# #.#.# #.# #.#.#.
#.#....# #...# #.######.#.#.
#.#....########..# #...)......#.
#.#....#........># ########.###.
#.#....#.#####.#)# #.....
#.#....#.#..<#)#.# ######


You could see an orc.

Vanquished Creatures
  An ogre (D:2)
  5 adders
  A dart slug (D:1)
  A leopard gecko (D:2)
  6 orcs
  3 giant cockroaches
  4 goblins
  5 hobgoblins
  4 jackals (D:2)
  A quokka (D:2)
  A bat (D:1)
  A frilled lizard (D:2)
  5 kobolds
  7 rats
45 creatures vanquished.

Notes
Turn   | Place    | Note
-------+----------+-------------------------------------------
     0 | D:1      | FishyPogo the Troll Hunter began the quest for the Orb.
     0 | D:1      | Reached XP level 1. HP: 19/19 MP: 0/0
   175 | D:1      | Reached XP level 2. HP: 28/28 MP: 1/1
   422 | D:2      | Reached XP level 3. HP: 34/35 MP: 2/2
   530 | D:2      | Reached skill level 4 in Throwing
   657 | D:2      | Reached XP level 4. HP: 41/44 MP: 3/3
   918 | D:2      | Noticed an ogre
   928 | D:2      | Killed an ogre
   928 | D:2      | Reached skill level 1 in Armour
   928 | D:2      | Reached XP level 5. HP: 10/53 MP: 4/4
  1386 | D:2      | HP: 1/53 [orc/+1 hand axe of chopping (3)]
  1391 | D:2      | HP: 2/53 [orc (1)]
  1394 | D:2      | Slain by an orc

Levels and vault maps discovered:
D:1:      elethiomel_arrival_infinity_welcomes_careful_drivers, layout_basic
D:2:      layout_basic, minmay_misc_feat_diagonals
D:3:      layout_rooms, dancing_weapons_uskayaw, old_standard_altar,
          serial_aquarium, aquarium_bridge_long_joined [aquarium_subvault_wall,
          aquarium_subvault_bridge, aquarium_subvault_bridge,
          aquarium_subvault_window, aquarium_subvault_wall,
          aquarium_subvault_balcony], aquarium_window_2, aquarium_window_fake,
          aquarium_window_1, aquarium_window_corridor_1, aquarium_view_2f,
          aquarium_view_2d

Skill      XL: |  1  2  3  4 |
---------------+-------------+-----
Fighting       | 2 3 |  3.5
Dodging        | 2 |  2.0
Throwing       | 4 |  4.3
Armour         | 1 |  1.1
Stealth        | |  0.3

Action                   |  1- 3 |  4- 6 || total
-------------------------+-------+-------++-------
Melee: Unarmed           |   115 |    17 ||   132
       Giant spiked club |       |    42 ||    42
Throw: Stone             |       |     8 ||     8
       Large rock        |       |     2 ||     2
  Use: Potion            |       |     3 ||     3
 Stab: Sleeping          |     1 |       ||     1
  Eat: Chunk             |    12 |     6 ||    18
Armor: Robe              |    55 |    69 ||   124
Dodge: Dodged            |    67 |   118 ||   185
